 Dungeon Crawl Stone Soup version 0.30-b1-2-g02819fbbbe (webtiles) character file.

Game seed: 2063732904235544457

861 LLlMATKO the Chopper (level 7, -14/94 HPs)
             Began as a Minotaur Berserker on Dec 1, 2023.
             Was a Believer of Trog.
             Demolished by a two-headed ogre
             ... wielding a +0 giant club
              (18 damage)
             ... on level 5 of the Dungeon.
             The game lasted 00:03:47 (3748 turns).

LLlMATKO the Chopper (Minotaur Berserker)           Turns: 3748, Time: 00:03:48

Health: -14/94     AC: 13    Str: 23    XL:     7   Next: 71%
Magic:  6/6        EV:  6    Int:  4    God:    Trog [**....]
Gold:   100        SH:  8    Dex: 10    Spells: 6/6 levels left

rFire   . . .        a - +0 hand axe
rCold   + . .        u - +0 kite shield
rNeg    . . .        t - +0 plate armour
rPois   .            o - +0 hat
rElec   .            (no cloak)
rCorr   .            w - +0 pair of gloves
SInv    .            (no boots)
Will    .....        (no amulet) Stlth
                     e - ring of protection from cold
HPRegen 0.35/turn    (no ring)
MPRegen 0.10/turn

%: no passive effects
@: berserking, very quick
A: horns 2, retaliatory headbutt
a: Renounce Religion, Berserk, Trog's Hand


You were on level 5 of the Dungeon.
You worshipped Trog.
Trog was pleased with you.
You visited 1 branch of the dungeon, and saw 5 of its levels.

You collected 208 gold pieces.
You spent 108 gold pieces at shops.

Inventory:

Hand Weapons
 a - a +0 hand axe (weapon)
Missiles
 z - 3 javelins (quivered)
Armour
 o - a +0 hat (worn)
 t - a +0 plate armour (worn)
 u - a +0 kite shield (worn)
 w - a +0 pair of gloves (worn)
Jewellery
 e - a ring of protection from cold (left hand)
 p - a ring of fire
Wands
 v - a wand of acid (14)
 x - a wand of polymorph (13)
 y - a wand of charming (8)
Scrolls
 c - a scroll of brand weapon {unknown}
 d - 6 scrolls of identify {unknown}
 g - 2 scrolls of teleportation {unknown}
 k - 3 scrolls of noise {unknown}
 m - 2 scrolls of silence {unknown}
 r - 2 scrolls of fog {unknown}
 A - a scroll of blinking {unknown}
 B - a scroll of enchant armour {unknown}
Potions
 b - 2 potions of cancellation {unknown}
 f - a potion of invisibility {unknown}
 h - 2 potions of curing {unknown}
 i - a potion of flight {unknown}
 j - a potion of attraction {unknown}
 l - a potion of mutation {unknown}
 n - a potion of lignification {unknown}
 q - a potion of degeneration {unknown}
 s - 2 potions of haste {unknown}


   Skills:
 + Level 6.0 Fighting
 + Level 6.0 Axes
 + Level 5.3 Armour
 + Level 4.7 Dodging
 + Level 4.0 Shields


You had 6 spell levels left.
You didn't know any spells.
Your spell library was empty.

Dungeon Overview and Level Annotations

Branches:
Dungeon (5/15)
 Temple: D:4-7

Altars:
Cheibriados
Elyvilon
Hepliaklqana
Uskayaw

Shops:
D:2 *   D:4 [


Innate Abilities, Weirdness & Mutations

You have a pair of horns on your head.
You reflexively headbutt those who attack you in melee.


Message History

The two-headed ogre hits you with a +0 giant club.
Unknown command.
You are too injured to fight recklessly!
You are too injured to fight recklessly!
You are too injured to fight recklessly!
Unknown command.
You hit the two-headed ogre.
The two-headed ogre is moderately wounded.
You hit the two-headed ogre.
Your headbutt misses the two-headed ogre.
The two-headed ogre is heavily wounded.
You block the two-headed ogre's attack. The two-headed ogre closely misses you.
You hit the two-headed ogre.
Your headbutt misses the two-headed ogre.
The two-headed ogre is heavily wounded.
You block the two-headed ogre's attack.
The two-headed ogre hits you with a +0 giant club!!
You barely miss the two-headed ogre.
The two-headed ogre is heavily wounded.
You block the two-headed ogre's attack. x2
A red film seems to cover your vision as you go berserk!
You feel yourself moving faster!
You feel mighty!
You hit the two-headed ogre but do no damage.
The two-headed ogre is heavily wounded.
The two-headed ogre barely misses you.
The two-headed ogre hits you with a +0 giant club!
You hit the two-headed ogre. You headbutt the two-headed ogre!
The two-headed ogre is severely wounded.
You slash the two-headed ogre!
The two-headed ogre is almost dead.
The two-headed ogre hits you with a +0 giant club!!
* * * LOW HITPOINT WARNING * * *
The two-headed ogre hits you with a +0 giant club!
* * * LOW HITPOINT WARNING * * *
You hit the two-headed ogre but do no damage.
The two-headed ogre is almost dead.
You barely miss the two-headed ogre.
The two-headed ogre is almost dead.
The two-headed ogre hits you with a +0 giant club!!
You die...

#.# .#.###.##..#.##
#.# #...............
#.# #...........#.##
#.# #............. #.
#.# #......<...#
##.##.#####
#..........#
#...#......
#..<..O..##.#.#.######
#....@...#.##.##.##
#.................#
#.......#...#.##..#
#..#..........#.#.#
##....#.#.#..#.##.#
##.#.#.....#.###..
#.#.#.#.##### ####
#.#.#.#.########
#.#.>...........


You could see a two-headed ogre.

Vanquished Creatures
  Sigmund (D:2)
  A wyvern (D:5)
  A black bear (D:5)
  An ogre (D:5)
  A centaur (D:5)
  A jelly (D:5)
  4 iguanas
  7 adders
  A worm (D:5)
  3 dart slugs
  9 orcs
  4 endoplasms
  2 giant cockroaches
  5 goblins
  6 hobgoblins
  19 jackals
  5 quokkas
  2 ball pythons
  6 bats
  4 frilled lizards
  9 kobolds
  7 rats
99 creatures vanquished.

Vanquished Creatures (others)
  3 plants (D:5)
3 creatures vanquished.

Grand Total: 102 creatures vanquished

Notes
Turn   | Place    | Note
-------+----------+-------------------------------------------
     0 | D:1      | LLlMATKO the Minotaur Berserker began the quest for the
                  | Orb.
     0 | D:1      | Reached XP level 1. HP: 19/19 MP: 0/0
   147 | D:1      | Reached XP level 2. HP: 24/27 MP: 1/1
   543 | D:1      | Reached XP level 3. HP: 18/33 MP: 2/2
   832 | D:2      | Reached ** piety under Trog
  1034 | D:2      | Found Haahujitsui's Assorted Antiques.
  1147 | D:2      | Noticed Sigmund
  1155 | D:2      | Killed Sigmund
  1156 | D:2      | Reached XP level 4. HP: 41/41 MP: 3/3
  1156 | D:2      | Reached XP level 5. HP: 47/47 MP: 4/4
  1691 | D:3      | Found a white marble altar of Elyvilon.
  1710 | D:3      | Found a hazy altar of Hepliaklqana.
  1907 | D:3      | Reached skill level 5 in Axes
  2243 | D:2      | Bought a kite shield for 108 gold pieces
  2312 | D:4      | Reached XP level 6. HP: 21/55 MP: 5/5
  2557 | D:4      | Reached skill level 5 in Fighting
  2626 | D:4      | Found a hide-covered altar of Uskayaw.
  2757 | D:4      | Found El's Dragon-Slaying Spoils.
  2973 | D:4      | Found a snail-covered altar of Cheibriados.
  3151 | D:5      | Entered Level 5 of the Dungeon
  3325 | D:5      | Reached XP level 7. HP: 27/61 MP: 6/6
  3484 | D:5      | Noticed a wyvern
  3496 | D:5      | Killed a wyvern
  3497 | D:5      | Reached skill level 5 in Armour
  3730 | D:5      | Noticed a two-headed ogre
  3746 | D:5      | HP: 4/94 [two-headed ogre/+0 giant club (10)]
  3748 | D:5      | Demolished by a two-headed ogre

Illustrated notes

Levels and vault maps discovered:
D:1:      dpeg_arrival_lava_temple_mockup, layout_basic,
          minmay_indecisive_spiral
D:2:      layout_basic, serial_shops, nicolae_shop_overgrown_old_shop,
          uniq_sigmund
D:3:      layout_rooms, mainiacjoe_overflow_24_doors,
          mainiacjoe_overflow_alcove_4
D:4:      layout_loops_ring, kennysheep_slug_shrine, kennysheep_mini_moat,
          nicolae_shop_dragon_depot
D:5:      layout_loops_ring, yredelemnul_altar_generic,
          mainiacjoe_overflow_six_doors_small, serial_bayou_pond_b,
          kennysheep_generic_room_3

Skill      XL: |  1  2  3  4  5  6  7 |
---------------+----------------------+-----
Axes           | 4 5 6 |  6.0
Armour         | 3 4 5 |  5.3
Fighting       | 4 5 6 |  6.0
Dodging        | 3 4 |  4.7
Shields        | 2 3 4 |  4.0

Action                     |  1- 3 |  4- 6 |  7- 9 || total
---------------------------+-------+-------+-------++-------
  Melee: Hand axe          |    96 |   118 |    54 ||   268
         Headbutt          |     8 |    15 |     6 ||    29
 Invoke: Berserk           |     2 |     2 |     2 ||     6
 Armour: Animal skin       |     4 |       |       ||     4
         Ring mail         |    13 |       |       ||    13
         Scale mail        |    13 |    19 |       ||    32
         Plate armour      |       |    40 |    18 ||    58
  Dodge: Dodged            |    52 |    44 |    12 ||   108
  Block: Kite shield       |       |    38 |    20 ||    58
